[Event "Team 45 45 League T34"]
[Site "Internet Chess Club"]
[Date "2007.07.29"]
[Round "2"]
[White "room-matt"]
[Black "JohnnySP"]
[Result "1/2-1/2"]
[WhiteElo "1826"]
[BlackElo "1868"]
[Opening "Queen's bishop game"]
[ECO "D02"]
[Time "10:06:03"]
[TimeControl "2700+45"]

1. d4 Nf6 2. Nf3 d5 3. Bf4 e6 4. e3 Bd6 5. Bd3 c5 6. Bxd6 Qxd6 7. O-O Nc6 8.
Nbd2 c4 9. Be2 e5 10. dxe5 Nxe5 11. Nxe5 Qxe5 12. Rb1 O-O 13. Nf3 Qc7 14. Nd4
Bd7 15. Bf3 Rfe8 16. b3 b5 17. c3 Rad8 18. h3 a6 19. Re1 Bc8 20. Qc2 Bb7 21. a4
Bc6 22. axb5 axb5 23. Nf5 Nd7 24. Be2 Nc5 25. Nd4 Ne6 26. Nxc6 Qxc6 27. bxc4
bxc4 28. Qf5 Nc5 29. Bf3 Nd3 30. Red1 Re5 31. Qg4 Re6 32. Qh4 Rf6 33. Rd2 Re8
34. Ra2 Ne5 35. Be2 Rh6 36. Qd4 Rxh3 37. gxh3 Qg6+ 38. Kh2 Qxb1 39. Qxe5 Qb5 40.
Bxc4 Rxe5 41. Bxb5 g6 42. Kg3 d4 43. c4 dxe3 44. Kf3 exf2 45. Kxf2 f5 46. Kf3 g5
47. Bd7 Kf7 48. Ra7 Kf6 49. Rc7 h5 50. c5 g4+ 51. hxg4 hxg4+ 52. Kf4 Re4+ 53.
Kg3 Ke5 54. Rc8 Re3+ 55. Kh4 Kf4 56. Kh5 g3 57. Rg8 Re1 58. Rg5 Rh1+ 59. Kg6 Rc1
60. c6 Kf3 61. Rxf5+ Ke4 62. Rg5 Kf3 63. Rf5+ Ke3 64. Re5+ Kf2 65. Rg5 g2 66.
Kf6 g1=Q 67. Rxg1 Kxg1 68. Ke7 Rxc6 69. Bxc6 {Game drawn because neither player
has mating material} 1/2-1/2

[Event "Team 45 45 League T34"]
[Site "Internet Chess Club"]
[Date "2007.07.30"]
[Round "2"]
[White "AlPearson"]
[Black "strudel"]
[Result "0-1"]
[WhiteElo "1485"]
[BlackElo "1494"]
[Opening "Sicilian: Smith-Morra gambit"]
[ECO "B21"]
[Time "10:09:09"]
[TimeControl "2700+45"]

1. e4 c5 2. d4 cxd4 3. c3 e6 4. cxd4 d5 5. Nc3 dxe4 6. Nxe4 Bb4+ 7. Nc3 Qc7 8.
Bd2 Nf6 9. Rc1 Nc6 10. Nf3 O-O 11. Bd3 a6 12. O-O Rd8 13. Nb5 Qb6 14. Be3 axb5
15. d5 Qa6 16. dxc6 bxc6 17. a3 Be7 18. Qc2 Bb7 19. Rfd1 Qa4 20. Qxa4 bxa4 21.
Bg5 h6 22. Be3 Nd5 23. Bc5 Bxc5 24. Rxc5 Nf4 25. Rc3 Ba6 26. Ne1 Bxd3 27. Nxd3
Ne2+ 28. Kf1 Nxc3 29. bxc3 Rab8 30. Ke2 Kf8 31. c4 Ke7 32. Rc1 Rb3 33. Ra1 Rdxd3
34. c5 Rxa3 35. Rb1 Rdb3 36. Rd1 Ra2+ 37. Ke1 a3 38. Rc1 Rab2 39. h4 a2 40. g4
Rb1 41. Kd1 Rc3 42. Rxb1 axb1=Q+ 43. Kd2 Qd3+ 44. Ke1 Rc1# {White checkmated}
0-1

[Event "Team 45 45 League T34"]
[Site "Internet Chess Club"]
[Date "2007.07.28"]
[Round "2"]
[White "beerss"]
[Black "Zyme"]
[Result "1-0"]
[WhiteElo "1411"]
[BlackElo "1483"]
[Opening "Bird's opening"]
[ECO "A02"]
[Time "12:07:54"]
[TimeControl "2700+45"]

1. f4 e6 2. Nf3 d5 3. e3 c5 4. Be2 Nc6 5. Bb5 Bd7 6. Bxc6 Bxc6 7. O-O Nf6 8. b3
Be7 9. Bb2 Qb6 10. d3 O-O 11. Nbd2 Rfd8 12. Qe1 Rac8 13. Ne5 Bb5 14. Rf3 Nh5 15.
Rh3 g6 16. Ndf3 c4 17. Bd4 Bc5 18. Rxh5 Bxd4 19. exd4 f6 20. Rh3 fxe5 21. Qh4
Rd7 22. fxe5 cxd3 23. cxd3 Rc3 24. Qf4 Rf7 25. Qh4 Qc7 26. Qe1 Qc8 27. Ng5 Rfc7
28. Qe3 Rxd3 29. Qf4 Rxh3 30. Nxh3 Rc2 31. Ng5 Qc7 32. Nxe6 Qf7 33. Qxf7+ Kxf7
34. Ng5+ Kg7 35. Re1 Be2 36. h3 Rxa2 37. Ne6+ Kf7 38. Nf4 Bb5 39. e6+ Ke7 40.
Nxd5+ Kd6 41. Nc3 Ra5 42. Nxb5+ Rxb5 43. e7 Rxb3 44. e8=Q a5 45. Qe6+ Kc7 46.
Qxb3 {Black resigns} 1-0

[Event "Team 45 45 League T34"]
[Site "Internet Chess Club"]
[Date "2007.07.28"]
[Round "2"]
[White "conron"]
[Black "Russ"]
[Result "1-0"]
[WhiteElo "1186"]
[BlackElo "1270"]
[Opening "Sicilian: Grand Prix attack"]
[ECO "B21"]
[Time "10:00:29"]
[TimeControl "2700+45"]

1. e4 c5 2. f4 d5 3. Nc3 dxe4 4. Nxe4 e6 5. Bb5+ Bd7 6. Bxd7+ Nxd7 7. d4 Ngf6 8.
Nxf6+ Nxf6 9. Nf3 Be7 10. O-O O-O 11. Be3 Qc7 12. Qd2 Ng4 13. Rad1 Nxe3 14. Qxe3
Rad8 15. c3 Rd5 16. g3 Qb6 17. b3 cxd4 18. cxd4 Rc8 19. Rfe1 Bb4 20. Rc1 Rc6 21.
Rxc6 bxc6 22. Rd1 c5 23. Kf1 cxd4 24. Nxd4 Bc5 25. Qc3 Bxd4 26. Qc8+ Rd8 27. Qc4
Qc5 28. Qxc5 Bxc5 29. Rxd8+ Bf8 30. Ra8 f6 31. Rxa7 e5 32. fxe5 fxe5 33. Ra8 Kf7
34. Rxf8+ Kxf8 35. Ke2 Ke7 36. Ke3 Kd6 37. Ke4 g6 38. a4 h6 39. a5 g5 40. g4 Kc5
41. b4+ Kd6 42. a6 Kc7 43. a7 Kb7 44. Kxe5 Kxa7 45. Kf6 Kb6 46. Kg6 Kb5 47. Kxh6
Kxb4 48. Kxg5 Kc5 49. Kg6 Kd6 50. h4 Ke7 51. Kg7 Ke6 52. h5 Ke5 53. h6 Kf4 54.
h7 Kxg4 55. h8=Q Kf3 56. Qh4 Ke3 57. Qg4 Kd3 58. Kf6 Kc3 59. Ke5 Kd3 60. Qd4+
Kc2 61. Qe3 Kb2 62. Kd4 Ka2 63. Kc4 Kb1 64. Qd2 Ka1 65. Kb3 Kb1 66. Qb2# {Black
checkmated} 1-0

[Event "Team 45 45 League T34"]
[Site "Internet Chess Club"]
[Date "2007.07.30"]
[Round "2"]
[White "category-five"]
[Black "WannaB"]
[Result "1-0"]
[WhiteElo "1148"]
[BlackElo "1051"]
[Opening "Sicilian"]
[ECO "B50"]
[Time "20:03:04"]
[TimeControl "2700+45"]

1. e4 c5 2. Nf3 d6 3. Bc4 e6 4. Nc3 a6 5. d4 b5 6. Be2 Be7 7. dxc5 dxc5 8. Qxd8+
Bxd8 9. O-O Bf6 10. e5 Be7 11. Ne4 Bb7 12. Nd6+ Bxd6 13. exd6 Nd7 14. Bd2 h6 15.
Bc3 Ndf6 16. Rad1 Bd5 17. b3 Rd8 18. Be5 c4 19. Rfe1 cxb3 20. axb3 Rh7 21. c4
bxc4 22. bxc4 Bc6 23. c5 Ng4 24. Ra1 f6 25. Bc3 Bb5 26. Bxb5+ axb5 27. Ra7 e5
28. Ba5 Rd7 29. Ra8+ Kf7 30. c6 Rxd6 31. c7 Ne7 32. h3 h5 33. hxg4 hxg4 34. Nh2
f5 35. Rc1 g6 36. Bb4 Rc6 37. Rxc6 Rg7 38. Bxe7 Kxe7 39. c8=Q {Black resigns}
1-0

[Event "Team 45 45 League T34"]
[Site "Internet Chess Club"]
[Date "2007.07.27"]
[Round "2"]
[White "t-hobbes"]
[Black "JustinZ"]
[Result "1-0"]
[WhiteElo "1363"]
[BlackElo "1270"]
[Opening "Two knights defense"]
[ECO "C56"]
[Time "17:00:06"]
[TimeControl "2700+45"]

1. e4 e5 2. Nf3 Nc6 3. Bc4 Nf6 4. O-O Nxe4 5. d4 exd4 6. Re1 Be7 7. Rxe4 d5 8.
Bxd5 Qxd5 9. Nc3 Qh5 10. Ne2 Bf5 11. Nf4 Qh6 12. Nd5 Qd6 13. Nxd4 Bxe4 14. Nb5
Qg6 15. Nbxc7+ Kf8 16. f3 Bxc2 17. Qd2 Rd8 18. b3 Bf6 19. Ba3+ Be7 20. Bb2 Nb4
21. Re1 Nxd5 22. Nxd5 Bc5+ 23. Kh1 Qd3 24. Qg5 Rg8 25. Qxd8# {Black checkmated}
1-0

[Event "Team 45 45 League T34"]
[Site "Internet Chess Club"]
[Date "2007.07.27"]
[Round "2"]
[White "nathesh"]
[Black "Chesnut"]
[Result "1-0"]
[WhiteElo "1345"]
[BlackElo "1246"]
[Opening "Sicilian: Smith-Morra gambit"]
[ECO "B21"]
[Time "17:02:44"]
[TimeControl "2700+45"]

1. e4 c5 2. d4 cxd4 3. c3 dxc3 4. Nxc3 d6 5. Bc4 Nf6 6. e5 dxe5 7. Bxf7+ Kxf7 8.
Qxd8 Bf5 9. Nf3 b6 10. Nd5 Ne4 11. Nc7 Nxf2 12. Kxf2 {Black resigns} 1-0

[Event "Team 45 45 League T34"]
[Site "Internet Chess Club"]
[Date "2007.07.26"]
[Round "2"]
[White "havertown"]
[Black "DaMelch"]
[Result "1-0"]
[WhiteElo "1246"]
[BlackElo "1259"]
[Opening "English: symmetrical, Benoni formation"]
[ECO "A31"]
[Time "19:55:53"]
[TimeControl "2700+45"]

1. c4 Nf6 2. d4 c5 3. Nf3 cxd4 4. Nxd4 e5 5. Nf5 d6 6. Ng3 Nc6 7. e4 Be7 8. Nc3
O-O 9. h3 Be6 10. Nd5 Rc8 11. Bg5 Na5 12. b3 h6 13. Bd2 a6 14. Bxa5 Qxa5+ 15. b4
Qd8 16. Nf5 Bxd5 17. exd5 Re8 18. Be2 Qd7 19. Bg4 Nxg4 20. Qxg4 Bf6 21. Nxh6+
{Black resigns} 1-0

[Event "Team 45 45 League T34"]
[Site "Internet Chess Club"]
[Date "2007.07.25"]
[Round "2"]
[White "jocooper"]
[Black "rshea11"]
[Result "0-1"]
[WhiteElo "1110"]
[BlackElo "1251"]
[Opening "QGD: Vienna variation"]
[ECO "D38"]
[Time "21:58:54"]
[TimeControl "2700+45"]

1. d4 d5 2. c4 Nf6 3. Nf3 e6 4. Bg5 Bb4+ 5. Nc3 O-O 6. e3 Nc6 7. Bd3 Qd6 8. O-O
e5 9. Nb5 Qe6 10. Nxc7 Qg4 11. Nxa8 e4 12. Bxf6 exf3 13. Be5 Qxg2# {White
checkmated} 0-1

[Event "Team 45 45 League T34"]
[Site "Internet Chess Club"]
[Date "2007.07.27"]
[Round "2"]
[White "RD1974"]
[Black "mickeys"]
[Result "0-1"]
[WhiteElo "1627"]
[BlackElo "1668"]
[Opening "French: King's Indian attack"]
[ECO "C00"]
[Time "19:04:13"]
[TimeControl "2700+45"]

1. e4 e6 2. d3 d5 3. Nd2 c5 4. Ngf3 Nc6 5. g3 Nf6 6. Bg2 Qa5 7. O-O Be7 8. Re1
O-O 9. e5 Nd7 10. h4 Qc7 11. c4 Ncxe5 12. Qe2 Nxf3+ 13. Nxf3 d4 14. Bf4 Bd6 15.
Bg5 Rb8 16. h5 h6 17. Bd2 a6 18. Bh3 Nf6 19. g4 Nh7 20. g5 hxg5 21. Bxg5 f6 22.
Bxe6+ Bxe6 23. Qxe6+ Kh8 24. Bd2 Qc6 25. Qh3 b5 26. Nh4 Kg8 27. Qe6+ Rf7 28. Nf5
Rd8 29. Re4 Qc7 30. Rg4 Kh8 31. Nxd6 Rxd6 32. Qf5 Qd7 33. Qf3 Re6 34. Kg2 bxc4
35. dxc4 Qe7 36. b3 Nf8 37. Bf4 Re4 38. Bd6 Rxg4+ 39. Qxg4 Qxd6 40. f4 d3 41.
Rh1 Qd4 42. h6 g6 43. Qf3 Re7 44. Qa8 Qe4+ 45. Qxe4 Rxe4 46. Kf3 Rd4 47. Rd1 Ne6
48. f5 Ng5+ 49. Ke3 gxf5 50. Rxd3 f4+ 51. Kd2 Rxd3+ 52. Kxd3 f3 53. Ke3 f5 54.
Kf2 f4 55. a3 a5 56. b4 cxb4 57. c5 b3 58. c6 Ne6 59. Kxf3 b2 60. h7 b1=Q 61. c7
Nxc7 62. a4 Nd5 63. Kg4 Qg6+ 64. Kf3 Qg3+ 65. Ke4 Qg2+ 66. Kf5 f3 {White
resigns} 0-1

[Event "Team 45 45 League T34"]
[Site "Internet Chess Club"]
[Date "2007.07.30"]
[Round "2"]
[White "GrandPoobah069"]
[Black "clarinetref"]
[Result "1-0"]
[WhiteElo "1652"]
[BlackElo "1628"]
[Opening "Pirc: Holmov system"]
[ECO "B07"]
[Time "20:07:33"]
[TimeControl "2700+45"]

1. e4 d6 2. d4 Nf6 3. Nc3 g6 4. Bc4 Bg7 5. Qe2 O-O 6. e5 dxe5 7. dxe5 Ne8 8. e6
Bxe6 9. Bxe6 fxe6 10. Qxe6+ Kh8 11. Nf3 Rf6 12. Qg4 Qd6 13. O-O e5 14. Ne4 Qe6
15. Nxf6 Qxg4 16. Nxg4 e4 17. Ng5 Nd6 18. Ne6 Na6 19. Nxg7 Kxg7 20. Bh6+ Kf7 21.
f3 exf3 22. Rxf3+ Nf5 23. Ne3 Kf6 24. Nxf5 gxf5 25. Bd2 Nc5 26. Raf1 Ne4 27.
Rxf5+ Kg6 28. Bc1 b6 29. Rf8 {Black resigns} 1-0

[Event "Team 45 45 League T34"]
[Site "Internet Chess Club"]
[Date "2007.07.29"]
[Round "2"]
[White "jazzyrick"]
[Black "IronWill"]
[Result "0-1"]
[WhiteElo "1588"]
[BlackElo "1550"]
[Opening "Scandinavian defense"]
[ECO "B01"]
[Time "18:00:43"]
[TimeControl "2700+45"]

1. e4 d5 2. exd5 Nf6 3. Nf3 Qxd5 4. Be2 Bg4 5. Nc3 Qf5 6. O-O h5 7. Nd4 Qh7 8.
f3 e5 9. Nb3 Bb4 10. Qe1 Be6 11. Bd3 Qh6 12. Qxe5 Bd6 13. Qe2 Ng4 14. Be4 Nc6
15. d4 Bxh2+ 16. Kh1 Bf4 17. d5 Bxc1 18. dxe6 Qf4 19. Bxc6+ bxc6 20. exf7+ Kf8
21. fxg4 hxg4+ 22. Kg1 Be3+ 23. Qxe3 Qxe3+ {White resigns} 0-1

[Event "Team 45 45 League T34"]
[Site "Internet Chess Club"]
[Date "2007.08.01"]
[Round "2"]
[White "Aquaman"]
[Black "chips"]
[Result "1-0"]
[WhiteElo "1462"]
[BlackElo "1167"]
[Opening "Réti opening"]
[ECO "A04"]
[Time "16:02:05"]
[TimeControl "2700+45"]

1. Nf3 b6 2. g3 Bb7 3. Bg2 e6 4. d3 Bb4+ 5. c3 Be7 6. Nbd2 d6 7. e4 e5 8. O-O
Nf6 9. Re1 Ba6 10. Nf1 O-O 11. Ne3 Bb7 12. Nf5 Re8 13. Nxe7+ Qxe7 14. b4 c6 15.
Nh4 Bc8 16. h3 Be6 17. Nf3 Qd7 18. Ng5 h6 19. Nxe6 Qxe6 20. Bb2 a5 21. Qa4 Nbd7
22. Qxc6 axb4 23. c4 Ra5 24. d4 exd4 25. Bxd4 Ra6 26. Qb5 Rea8 27. Qxb4 Rxa2 28.
Rad1 R8a6 29. Qb3 R2a4 30. Rc1 Nc5 31. Bxc5 dxc5 32. Qd3 Qd7 33. Qe3 Qd4 34.
Qxd4 cxd4 35. Red1 Kf8 36. Rxd4 Ra1 37. Rdd1 Rxc1 38. Rxc1 Ra5 39. f3 Nd7 40.
Bf1 Ne5 41. Kf2 Ra3 42. Be2 Nd3+ 43. Bxd3 Rxd3 44. Ke2 Rb3 45. Rd1 g6 46. Rd4
Rb2+ 47. Ke3 Kg7 48. h4 Rg2 49. Kf4 Rb2 50. g4 Rh2 51. Kg3 Rh1 52. Rd6 Rg1+ 53.
Kh2 Rb1 54. Kg3 Rb4 55. Rc6 b5 56. cxb5 Rxb5 57. Rd6 Re5 58. Rd5 Rxd5 59. exd5
Kf6 60. Kf4 Ke7 61. Ke4 Kd6 62. f4 h5 63. gxh5 gxh5 64. Kd4 f5 65. Kc4 Ke7 66.
Kc5 Kd7 67. d6 Ke8 68. Kd5 Kd7 69. Ke5 Kc6 70. Ke6 {Black resigns} 1-0

[Event "Team 45 45 League T34"]
[Site "Internet Chess Club"]
[Date "2007.07.29"]
[Round "2"]
[White "twinders"]
[Black "Theodulf"]
[Result "1/2-1/2"]
[WhiteElo "1611"]
[BlackElo "1662"]
[Opening "Queen's gambit accepted"]
[ECO "D20"]
[Time "07:05:01"]
[TimeControl "2700+45"]

1. d4 d5 2. c4 dxc4 3. Nc3 a6 4. a4 e6 5. e4 Nf6 6. Bxc4 Bb4 7. Bg5 h6 8. Bxf6
Qxf6 9. Nf3 Nd7 10. O-O Nb6 11. e5 Qe7 12. Bb3 a5 13. Qc2 c6 14. Ne2 Nd5 15. Nc3
Bd7 16. Ne1 Qd8 17. Nd3 Be7 18. Ne4 Qb6 19. Nec5 Nb4 20. Nxb4 Qxb4 21. Qc4 Qxc4
22. Bxc4 b6 23. Ne4 Rc8 24. Rfd1 b5 25. axb5 cxb5 26. Be2 Bc6 27. Rdc1 Kd7 28.
Nc5+ Bxc5 29. dxc5 a4 30. b3 axb3 31. Rab1 Kc7 32. Rxb3 Rb8 33. Rb4 Rhd8 34. f4
Rd2 35. Bf1 Be8 36. Rcb1 Bc6 37. g3 Ra8 38. R1b2 Rxb2 39. Rxb2 Rb8 40. Kf2 b4
41. Bc4 Bb5 42. Rxb4 Kc6 43. Bxb5+ Rxb5 44. Rxb5 Kxb5 45. Ke3 Kxc5 46. Ke4 Kc4
47. g4 g6 48. h4 h5 49. f5 hxg4 50. fxg6 fxg6 51. Kf4 Kd5 52. Kxg4 Kxe5 53. Kg5
Kd5 54. Kxg6 e5 55. h5 e4 56. h6 e3 57. h7 e2 58. h8=Q e1=Q 59. Qa8+ Kc4 60.
Qa4+ Qb4 {Game drawn by mutual agreement} 1/2-1/2

[Event "Team 45 45 League T34"]
[Site "Internet Chess Club"]
[Date "2007.07.28"]
[Round "2"]
[White "TrickyBishop"]
[Black "GolfSuper"]
[Result "0-1"]
[WhiteElo "1672"]
[BlackElo "1604"]
[Opening "Torre attack (Tartakower variation)"]
[ECO "D03"]
[Time "20:03:48"]
[TimeControl "2700+45"]

1. d4 d5 2. Nf3 Nf6 3. Bg5 e6 4. e3 Bd6 5. c4 c6 6. Nc3 Nbd7 7. c5 Bc7 8. Bd3 h6
9. Bh4 O-O 10. Qc2 Qe8 11. Bg3 e5 12. dxe5 Nxe5 13. Bxe5 Bxe5 14. Nxe5 Qxe5 15.
O-O-O Qe7 16. Ne2 Bd7 17. Ng3 b6 18. cxb6 axb6 19. Nf5 Bxf5 20. Bxf5 c5 21. a3
Rfd8 22. Rhg1 Rab8 23. g4 Ne4 24. Bxe4 Qxe4 25. Qxe4 dxe4 26. Kc2 Rxd1 27. Rxd1
Kf8 28. Rd7 Ke8 29. Ra7 Rd8 30. Rb7 Rd6 31. Rb8+ Ke7 32. Rb7+ Kf6 33. h3 g5 34.
Rb8 Kg6 35. Kc3 Rf6 36. Rd8 Rxf2 37. Rd6+ Kg7 38. Rxb6 Rf3 39. Kc4 Rxe3 40. Kxc5
Rd3 41. Kc4 Rd7 42. Rb3 Kg6 43. Re3 f5 44. b4 h5 45. gxf5+ Kxf5 46. a4 Kf4 47.
Re1 Kf3 48. b5 e3 49. a5 e2 50. b6 Rd1 51. b7 Rxe1 52. b8=Q Rc1+ 53. Kd4 e1=Q
54. Qf8+ Kg3 55. Qd6+ Kxh3 56. Qd7+ Kh4 {White resigns} 0-1

[Event "Team 45 45 League T34"]
[Site "Internet Chess Club"]
[Date "2007.07.28"]
[Round "2"]
[White "Relapse"]
[Black "mrmarck"]
[Result "1-0"]
[WhiteElo "1603"]
[BlackElo "1350"]
[Opening "Scandinavian (center counter) defense"]
[ECO "B01"]
[Time "05:01:20"]
[TimeControl "2700+45"]

1. e4 d5 2. exd5 Qxd5 3. Nc3 Qa5 4. d4 Nf6 5. Nf3 e6 6. Bd3 c5 7. Bd2 Nc6 8. Nd5
Qd8 9. Nxf6+ Qxf6 10. Bc3 cxd4 11. Nxd4 Nxd4 12. Bxd4 e5 13. Qe2 Bd6 14. O-O O-O
15. Bc3 Bf5 16. Rad1 Rad8 17. Qe1 Rfe8 18. Qe3 b6 19. Qf3 Bg6 20. Qxf6 gxf6 21.
Rd2 Bc5 22. Rfd1 Bd4 23. Bb5 Re6 24. Bxd4 exd4 25. c3 Rd5 26. Bc4 {Black
resigns} 1-0

[Event "Team 45 45 League T34"]
[Site "Internet Chess Club"]
[Date "2007.07.25"]
[Round "2"]
[White "seldredg"]
[Black "hotzoddy"]
[Result "1/2-1/2"]
[WhiteElo "1442"]
[BlackElo "1351"]
[Opening "Queen's pawn game"]
[ECO "D00"]
[Time "21:01:28"]
[TimeControl "2700+45"]

1. d4 d5 2. e3 e6 3. Bd3 c5 4. c3 Nc6 5. f4 Nf6 6. Nd2 Qb6 7. Nh3 c4 8. Bc2 Be7
9. O-O O-O 10. Qf3 Qc7 11. Nf2 b5 12. Ng4 Nxg4 13. Qxg4 e5 14. Qh5 g6 15. Qe2 e4
16. b3 Bf5 17. g4 Bd7 18. Rf2 f5 19. g5 a5 20. Rg2 a4 21. b4 a3 22. Rg3 Rf7 23.
Rh3 Bf8 24. Nf1 Ne7 25. Ng3 Bg7 26. Bd2 Kf8 27. Rxh7 Ng8 28. h4 Be8 29. Kf2 Nf6
30. Rxg7 Rxg7 31. gxf6 Rh7 32. Rh1 Qf7 33. Kf1 Qxf6 34. Qh2 Kg7 35. Qh3 Bf7 36.
h5 Rah8 37. Bd1 Rh6 38. Qg2 R8h7 39. Be2 Kh8 40. hxg6 Bxg6 41. Rxh6 Rxh6 42. Be1
Kh7 43. Bf2 {Game drawn by mutual agreement} 1/2-1/2

[Event "Team 45 45 League T34"]
[Site "Internet Chess Club"]
[Date "2007.07.29"]
[Round "2"]
[White "moreffee"]
[Black "uipawn"]
[Result "1/2-1/2"]
[WhiteElo "1198"]
[BlackElo "1197"]
[Opening "Lengfellner system"]
[ECO "B07"]
[Time "17:58:45"]
[TimeControl "2700+45"]

1. e4 d6 2. d4 e6 3. Nf3 c6 4. Nc3 Nf6 5. Bg5 h6 6. Be3 b5 7. a3 Qa5 8. b4 Qd8
9. Bd3 a5 10. O-O Ng4 11. Qd2 Be7 12. h3 Nxe3 13. fxe3 axb4 14. axb4 Rxa1 15.
Rxa1 O-O 16. Ne2 f6 17. c3 Nd7 18. Nf4 Nb6 19. Ra7 Nc4 20. Qa2 Nxe3 21. Ng6 Re8
22. Qa5 Qxa5 23. bxa5 Kf7 24. Nfh4 d5 25. e5 f5 26. Nxe7 Rxe7 27. Rxe7+ Kxe7 28.
Ng6+ Kf7 29. Nf4 g6 30. Ne2 Nd1 31. Bc2 Ne3 32. Bd3 Nc4 33. Bxc4 dxc4 34. Nc1 g5
35. Na2 Ke7 36. Nb4 Kd7 37. a6 Kc7 38. a7 Kb7 39. Nxc6 Bd7 40. a8=Q+ Kxa8 41.
Ne7 Ka7 42. Ng8 h5 43. Nf6 Bc6 44. Nxh5 Ka6 45. Kf2 Bd5 46. Nf6 Bc6 47. g3 Ka5
48. Ke3 b4 49. cxb4+ Kxb4 50. Kd2 Kb3 51. Kc1 Kc3 52. Nh7 Kxd4 53. Nxg5 Kxe5 54.
h4 Be8 55. Nf3+ Kf6 56. Kc2 Bc6 57. Nd2 Bd5 58. Kc3 Kg6 59. Nxc4 Bxc4 60. Kxc4
e5 61. Kd5 e4 62. Kd4 Kh5 63. Ke3 Kg6 64. Kf4 Kf6 65. h5 e3 66. Kxe3 Kg5 67. Kf3
Kxh5 68. Kf4 Kg6 69. g4 fxg4 70. Kxg4 {Game drawn because neither player has
mating material} 1/2-1/2

[Event "Team 45 45 League T34"]
[Site "Internet Chess Club"]
[Date "2007.07.29"]
[Round "2"]
[White "stillday"]
[Black "gilalva"]
[Result "1-0"]
[WhiteElo "947"]
[BlackElo "1181"]
[Opening "English opening"]
[ECO "A16"]
[Time "13:44:27"]
[TimeControl "2700+45"]

1. c4 Nf6 2. Nc3 g6 3. g3 Bg7 4. Bg2 O-O 5. e4 d6 6. d4 Re8 7. h4 e5 8. dxe5
Rxe5 9. Nf3 Bg4 10. Bh3 Bxf3 11. Qxf3 c6 12. Bg5 h6 13. Bf4 Rc5 14. Rd1 d5 15.
b4 Rxc4 16. a3 Nh5 17. g4 Bxc3+ 18. Kf1 Nxf4 19. Qxf4 Qf6 20. Qxh6 Rxe4 21. Kg2
Re2 22. Rhf1 Nd7 23. g5 Qg7 24. Bxd7 Rd8 25. Bg4 Qxh6 26. gxh6 Rd2 27. Rde1 Rd4
28. Re7 Rxg4+ 29. Kf3 Rxh4 30. Rxb7 Rxh6 31. Rxa7 g5 32. Rg1 f6 33. Rg4 Rh3+ 34.
Kg2 Rh4 35. Rg3 Rf8 36. Rxc3 d4 37. Rxc6 Rg4+ 38. Kf3 Rf4+ 39. Ke2 Re8+ 40. Kd3
Rxf2 41. Rd6 Ree2 42. Rd8+ Re8 43. Rxe8# {Black checkmated} 1-0

[Event "Team 45 45 League T34"]
[Site "Internet Chess Club"]
[Date "2007.07.26"]
[Round "2"]
[White "curtintime"]
[Black "oldsj"]
[Result "0-1"]
[WhiteElo "1387"]
[BlackElo "1448"]
[Opening "Ruy Lopez: Anderssen variation"]
[ECO "C77"]
[Time "20:02:35"]
[TimeControl "2700+45"]

1. e4 e5 2. Nf3 Nc6 3. Bb5 a6 4. Ba4 Nf6 5. d3 b5 6. Bb3 Be7 7. h3 O-O 8. Nc3 d6
9. O-O Na5 10. Bd2 Bb7 11. Ne2 Nxb3 12. axb3 Re8 13. Ba5 Bf8 14. Qd2 d5 15. exd5
Bxd5 16. Ne1 Bc5 17. c4 Bb7 18. Nc2 Qd7 19. Bc3 Qc6 20. Qg5 h6 21. Qg3 Nh5 22.
Qg4 f5 23. Qf3 Qxf3 24. gxf3 Bxf3 25. Rfe1 Re6 26. d4 Rg6+ 27. Ng3 exd4 28. Bxd4
Bd6 29. Be5 Bc5 30. Nd4 Bxd4 31. Bxd4 Nxg3 32. fxg3 Rxg3+ 33. Kf2 Rxh3 34. Re2
{White resigns} 0-1

[Event "Team 45 45 League T34"]
[Site "Internet Chess Club"]
[Date "2007.07.31"]
[Round "2"]
[White "EyeAm"]
[Black "slakkjaw"]
[Result "0-1"]
[WhiteElo "1390"]
[BlackElo "1230"]
[Opening "two knights defense: Lolli attack"]
[ECO "C57"]
[Time "16:37:00"]
[TimeControl "2700+45"]

1. e4 e5 2. Nf3 Nc6 3. Bc4 Nf6 4. Ng5 d5 5. exd5 Nxd5 6. d4 f6 7. dxe5 Be6 8.
Nxe6 Qe7 9. Bxd5 Rd8 10. Bxc6+ bxc6 11. Qf3 Qxe6 12. O-O Qxe5 13. Qxc6+ Rd7 14.
Nc3 Bd6 15. g3 h5 16. Bf4 Qf5 17. Bxd6 cxd6 18. Rfe1+ Kf7 19. Nb5 Rhd8 20. Rad1
d5 21. Nd4 Qg4 22. Qe6+ Qxe6 23. Nxe6 Re8 24. Nd4 Rc8 25. c3 g5 26. Re6 Kg6 27.
f3 Rh8 28. Kf2 g4 29. f4 h4 30. Rh1 Rdh7 31. Rd6 hxg3+ 32. Kxg3 Rh3+ 33. Kxg4
R8h4# {White checkmated} 0-1

[Event "Team 45 45 League T34"]
[Site "Internet Chess Club"]
[Date "2007.07.30"]
[Round "2"]
[White "Prop"]
[Black "Cataclysm"]
[Result "1-0"]
[WhiteElo "1255"]
[BlackElo "1375"]
[Opening "Scandinavian defense"]
[ECO "B01"]
[Time "19:08:28"]
[TimeControl "2700+45"]

1. e4 d5 2. exd5 Nf6 3. Nf3 Nxd5 4. Bc4 Bg4 5. O-O e5 6. Re1 Nc6 7. d4 Qd6 8.
Qd3 f6 9. dxe5 fxe5 10. Bxd5 O-O-O 11. Nc3 Bxf3 12. Qxf3 Nd4 13. Qe4 Nxc2 14.
Bxb7+ Kb8 15. Qxc2 Kxb7 16. Qe4+ Kb8 17. Be3 c5 18. Rad1 Qb6 19. Rxd8+ Qxd8 20.
Qxe5+ Bd6 21. Qd5 Bxh2+ 22. Kxh2 Qxd5 23. Nxd5 c4 24. Bf4+ Kb7 25. b3 cxb3 26.
axb3 Kc6 27. Nc3 Rf8 28. Kg3 Kc5 29. Re4 a6 30. b4+ Kb6 31. Be3+ Kc6 32. Re6+
Kb7 33. Re7+ Ka8 {Black resigns} 1-0

[Event "Team 45 45 League T34 u"]
[Site "Internet Chess Club"]
[Date "2007.07.30"]
[Round "2"]
[White "mallet"]
[Black "Izeelden"]
[Result "1-0"]
[WhiteElo "1731"]
[BlackElo "1750"]
[Opening "Pirc defense"]
[ECO "B07"]
[Time "11:00:30"]
[TimeControl "2700+45"]

1. e4 d6 2. d4 Nf6 3. Bd3 e5 4. d5 Be7 5. Ne2 c6 6. c4 O-O 7. h3 cxd5 8. cxd5
Nbd7 9. O-O Nc5 10. Nbc3 Bd7 11. Be3 Nxd3 12. Qxd3 b5 13. b4 Qc7 14. f4 a5 15.
a3 Rfc8 16. Nxb5 Bxb5 17. Qxb5 Nxe4 18. Rfc1 Qb8 19. Rxc8+ Qxc8 20. Rc1 Qb8 21.
Qxb8+ Rxb8 22. bxa5 exf4 23. Nxf4 h6 24. Bb6 Bg5 25. Re1 Nf6 26. Bc7 Ra8 27.
Bxd6 Rxa5 28. Rd1 Bxf4 29. Bxf4 Rxd5 30. Rxd5 Nxd5 31. Bd6 Nb6 32. Kf2 f5 33.
Ke2 Kf7 34. Kd3 Ke6 35. Bc5 Na4 36. Bd4 g5 37. Kc4 Kd6 38. Kb4 Kd5 39. Kxa4 Kxd4
40. Kb5 Ke3 41. a4 Kf2 42. a5 Kxg2 43. a6 Kxh3 44. a7 f4 45. a8=Q h5 46. Qh1+
Kg4 47. Kc4 f3 48. Kd3 h4 49. Ke3 h3 50. Qxf3+ Kh4 51. Ke4 g4 52. Qf4 Kh5 53.
Kf5 {Black resigns} 1-0

[Event "Team 45 45 League T34"]
[Site "Internet Chess Club"]
[Date "2007.07.28"]
[Round "2"]
[White "Jozin"]
[Black "reijo"]
[Result "0-1"]
[WhiteElo "1564"]
[BlackElo "1598"]
[Opening "French defense"]
[ECO "C00"]
[Time "08:25:02"]
[TimeControl "2700+45"]

1. e4 e6 2. Nf3 d5 3. d3 dxe4 4. dxe4 Qxd1+ 5. Kxd1 Nf6 6. Bd3 Nc6 7. e5 Ng4 8.
Ke2 Ngxe5 9. Be4 Nxf3 10. Bxf3 Nd4+ 11. Kd3 Nxf3 12. gxf3 Bc5 13. Be3 Be7 14.
Nc3 b6 15. Nb5 Ba6 16. c4 Rd8+ 17. Kc2 Bxb5 18. cxb5 O-O 19. Rhg1 Bf6 20. Rg4
Rd5 21. a4 Rfd8 22. Rag1 Rf5 23. Rxg7+ Bxg7 24. Bh6 Rc5+ 25. Kb1 Rd1+ 26. Rxd1
Bxh6 {White resigns} 0-1